 Dungeon Crawl Stone Soup version 0.20.1-1-g8b1a95d (webtiles) character file.

18751 Jukra the Severer (level 12, -7/99 HPs)
             Began as a Minotaur Berserker on Aug 31, 2017.
             Was the Champion of Trog.
             Mangled by a salamander (14 damage)
             ... on level 1 of the Snake Pit.
             The game lasted 01:03:24 (11556 turns).

Jukra the Severer (Minotaur Berserker)             Turns: 11556, Time: 01:03:26

Health: -7/99      AC: 28    Str: 27    XL:     12   Next: 30%
Magic:  3/3        EV:  9    Int:  2    God:    Trog [******]
Gold:   1010       SH:  0    Dex: 12    Spells: 11/11 levels left

rFire    . . .     SeeInvis .   X - +1 battleaxe (antimagic)
rCold    . . .     Gourm    .   (shield currently unavailable)
rNeg     . . .     Faith    .   o - +4 plate armour
rPois    .         Spirit   .   (helmet restricted)
rElec    .         Reflect  .   x - scarf {repulsion}
rCorr    .         Harm     .   P - +2 pair of gloves
MR       .....                  D - +2 pair of boots
Stlth    ..........             (no amulet)
Regen    0.3/turn               h - +2 ring of dexterity
MPRegen  0.1/turn               K - +2 ring of protection

@: lethally poisoned (-7 -> -7), slowed, constricted, repel missiles, very slow
A: retaliatory headbutt, horns 2, repulsion field 1, dopey 1, frail 1, screaming
1
a: Berserk, Trog's Hand, Brothers in Arms, Burn Spellbooks, Renounce Religion


You were on level 1 of the Snake Pit.
You worshipped Trog.
Trog was exalted by your worship.
You were not hungry.

You visited 5 branches of the dungeon, and saw 15 of its levels.
You also visited: Ossuary.

You collected 1010 gold pieces.

Inventory:

Hand Weapons
 t - a +0 fustibalus
 u - a +1 dire flail of holy wrath
 A - a +5 great sword
 B - a +5 trident
 H - a +3 hand axe of flaming
 N - a +2 quarterstaff of chaos
 X - a +1 antimagic battleaxe (weapon)
Armour
 d - the +4 moon troll leather armour {Spirit, Regen++ MP+5}
   (You found it on level 1 of the Snake Pit)

   It affects your magic capacity (+5).
   It increases your rate of regeneration.
 o - a +4 plate armour (worn)
 x - a scarf of repulsion (worn)
 D - a +2 pair of boots (worn)
 P - a +2 pair of gloves (worn)
Magical Staves
 r - an uncursed staff of power {unknown}
 T - an uncursed staff of fire {unknown}
Jewellery
 a - an uncursed ring of protection from cold {unknown}
 h - a +2 ring of dexterity (left hand)
 I - an uncursed ring of poison resistance
 K - a +2 ring of protection (right hand)
Wands
 g - a wand of random effects (30/48)
 j - a wand of iceblast (5/15)
 l - a wand of flame (0/48)
 v - a wand of flame (21/48)
 y - a wand of iceblast (3/15)
 L - a wand of iceblast (7/15)
 O - a wand of confusion (27/48)
 Q - a wand of disintegration (9/24)
 S - a wand of polymorph (8/24)
 V - a wand of random effects (32/48)
Scrolls
 b - a scroll of enchant weapon
 q - 5 scrolls of recharging
 E - 6 scrolls of teleportation
 G - 3 scrolls of remove curse
 J - a scroll of blinking
 U - a scroll of magic mapping
 Z - 2 scrolls of identify
Potions
 e - 2 potions of brilliance
 f - 2 potions of haste
 i - a potion of berserk rage
 n - 5 potions of flight
 s - a potion of resistance {unknown}
 w - 3 potions of curing
 z - a potion of might
Comestibles
 c - 11 bread rations
 m - 12 royal jellies
 F - 6 fruits


   Skills:
 + Level 11.1 Fighting
 + Level 15.7 Axes
 + Level 11.3 Armour
 + Level 5.3 Dodging
 + Level 2.0 Stealth
   Level 7.8 Shields


You had 11 spell levels left.
You didn't know any spells.

Dungeon Overview and Level Annotations

Branches:
Dungeon (10/15)            Temple (1/1) D:6            Lair (2/6) D:10
  Snake (1/4) Lair:2          Orc (1/2) D:9
  Swamp: Lair:2-4    Shoals: Lair:2-4

Altars:
Ashenzari
Cheibriados
Dithmenos
Elyvilon
Fedhas
Gozag
Hepliaklqana
Kikubaaqudgha
Makhleb
Nemelex Xobeh
Okawaru
Qazlal
Ru
Sif Muna
Trog
Uskayaw
Vehumet
Xom
Yredelemnul
Zin
The Shining One
Beogh

Shops:
D:5 ?   D:7 ?   D:9 :*[(   Orc:1 ?


Innate Abilities, Weirdness & Mutations

You reflexively headbutt those who attack you in melee.
You have a pair of horns on your head.
You are surrounded by a mild repulsion field. (EV +2)
You are dopey. (Int -2)
You are frail. (-10% HP)
You occasionally shout uncontrollably at your foes.


Message History

You barely miss the salamander. You barely miss the guardian serpent.
The guardian serpent hits you but does no damage.
The salamander closely misses you. The naga warrior hits you with a mace.
The naga warrior constricts you.
The guardian serpent hits you but does no damage.
The salamander hits you.
You are engulfed in flames!
* * * LOW HITPOINT WARNING * * *
You slash the guardian serpent!
The guardian serpent's magic leaks into the air.
You headbutt the guardian serpent.
The guardian serpent is moderately wounded.
You slash the salamander! You slash the naga warrior!
You feel sick.
The guardian serpent hits you but does no damage.
The naga warrior spits poison at you.
The splash of poison is repelled.
* * * LOW HITPOINT WARNING * * *
The naga warrior constricts you. The salamander hits you.
* * * LOW HITPOINT WARNING * * *
You are engulfed in flames!
You die...

##..###...#
####..###..###
###....###..## #
#.......##<## #
##...####...# #
#.#######..#### #
#.####.....##.###
##.#..####.....##.
#@S.....###...###.
#.NN#.#....###### ##
#..#.N..##.#..#
#......##.##### ######
#.....###..### ##.....
##.....##.....####......
##......#.......#....###.
#................#....##.
#....................##..


You could see a naga warrior, a salamander, a guardian serpent and a naga.

Vanquished Creatures
  A naga warrior (Snake:1)
  2 two-headed ogres
  3 anacondas (Snake:1)
  2 shock serpents (Snake:1)
  A naga ritualist (Snake:1)
  3 mana vipers (Snake:1)
  A salamander (Snake:1)
  A cyclops (Orc:1)
  7 black mambas (Snake:1)
  A naga mage (Snake:1)
  A komodo dragon (Lair:1)
  A troll (D:9)
  2 hippogriffs
  A spriggan (D:7)
  A wyvern (Lair:2)
  Eustachio (D:6)
  A basilisk (Lair:1)
  Menkaure (D:5)
  Edmund (D:6)
  A warg (Orc:1)
  4 water moccasins (Lair:1)
  5 nagas
  2 porcupines (Lair:1)
  3 ice beasts
  4 orc warriors
  8 ogres
  2 black bears
  An eye of draining (D:10)
  A necrophage (D:7)
  2 phantoms
  5 centaurs
  3 crocodiles (Lair:1)
  An elf zombie (Ossuary)
  Blork the orc (D:6)
  3 bullfrogs
  A gnoll sergeant (D:3)
  3 scorpions
  11 killer bees
  3 wights (D:8)
  A howler monkey (D:6)
  2 electric eels (Lair:2)
  4 centaur zombies
  3 crimson imps
  A quasit (D:6)
  A centaur skeleton (D:9)
  8 orc priests
  A human zombie (Ossuary)
  6 hounds
  2 bullfrog skeletons
  Crazy Yiuf (D:5)
  3 jellies
  5 orc wizards
  4 iguanas
  Jessica (D:3)
  8 worker ants
  A big kobold zombie (Ossuary)
  2 hound zombies
  The ghost of letownia the Insei, a weakling OpTm (D:4)
  2 mummies (Ossuary)
  3 worker ant zombies
  A howler monkey skeleton (D:5)
  6 gnolls (D:4)
  8 adders
  A shadow imp (D:7)
  An ooze (D:6)
  A worm zombie (D:6)
  3 adder skeletons
  2 adder zombies
  A worm (D:2)
  3 dart slugs
  6 leopard geckos
  27 orcs
  A ball python (D:1)
  2 bats (D:1)
  3 giant cockroaches
  7 goblins
  3 hobgoblins
  12 jackals
  A quokka (D:8)
  3 frilled lizards
  A goblin zombie (D:6)
  8 hobgoblin zombies (Ossuary)
  A jackal skeleton (D:6)
  2 jackal zombies (Ossuary)
  7 kobolds
  9 kobold zombies (Ossuary)
  10 orc zombies (Ossuary)
  A quokka zombie (D:7)
  8 rats
  2 rat zombies (Ossuary)
297 creatures vanquished.

Notes
Turn   | Place    | Note
-------+----------+-------------------------------------------
     0 | D:1      | Jukra the Minotaur Berserker began the quest for the Orb.
     0 | D:1      | Reached XP level 1. HP: 19/19 MP: 0/0
   252 | D:1      | Reached skill level 4 in Axes
   252 | D:1      | Reached XP level 2. HP: 13/27 MP: 1/1
   850 | D:1      | Reached ** piety under Trog
   968 | D:1      | Reached XP level 3. HP: 29/33 MP: 2/2
  1630 | D:3      | Noticed Jessica
  1642 | D:3      | Killed Jessica
  1642 | D:3      | Reached XP level 4. HP: 31/41 MP: 3/3
  1649 | D:3      | Reached skill level 5 in Axes
  2245 | D:3      | Noticed a gnoll sergeant
  2256 | D:3      | Killed a gnoll sergeant
  2256 | D:3      | Reached XP level 5. HP: 47/47 MP: 4/4
  2466 | D:4      | Reached skill level 5 in Fighting
  2492 | D:4      | Noticed letownia's ghost (weakling OpTm)
  2501 | D:4      | Killed letownia's ghost
  2501 | D:4      | Reached *** piety under Trog
  2556 | D:4      | Reached XP level 6. HP: 55/56 MP: 5/5
  2635 | D:4      | Gained mutation: You are clumsy. (Dex -2) [potion of mutation]
  2635 | D:4      | Gained mutation: Your spells are a little easier to cast, but a little less powerful. [potion of mutation]
  2635 | D:4      | Gained mutation: Your mind is acute. (Int +2) [potion of mutation]
  2635 | D:4      | Gained mutation: You have a pair of large horns on your head. [potion of mutation]
  2636 | D:4      | Lost mutation: Your spells are a little easier to cast, but a little less powerful. [potion of mutation]
  2636 | D:4      | Lost mutation: You have a pair of large horns on your head. [potion of mutation]
  2636 | D:4      | Lost mutation: You are clumsy. (Dex -2) [potion of mutation]
  2636 | D:4      | Lost mutation: Your mind is acute. (Int +2) [potion of mutation]
  2636 | D:4      | Gained mutation: Your muscles are strong. (Str +2) [potion of mutation]
  2636 | D:4      | Gained mutation: You have sharp toenails. [potion of mutation]
  2636 | D:4      | Gained mutation: You are resistant to hostile enchantments. (MR+) [potion of mutation]
  2637 | D:4      | Lost mutation: Your muscles are strong. (Str +2) [potion of mutation]
  2637 | D:4      | Lost mutation: You are resistant to hostile enchantments. (MR+) [potion of mutation]
  2637 | D:4      | Lost mutation: You have sharp toenails. [potion of mutation]
  2637 | D:4      | Gained mutation: You occasionally shout uncontrollably at your foes. [potion of mutation]
  2637 | D:4      | Gained mutation: You evolve. [potion of mutation]
  2637 | D:4      | Gained mutation: You are dopey. (Int -2) [potion of mutation]
  2637 | D:4      | Gained mutation: You are surrounded by a mild repulsion field. (EV +2) [potion of mutation]
  2640 | D:4      | Lost intelligence.
  2663 | D:4      | Reached skill level 6 in Axes
  2663 | D:4      | Reached skill level 1 in Shields
  2865 | D:4      | Reached XP level 7. HP: 61/61 MP: 6/6
  2928 | D:5      | Entered Level 5 of the Dungeon
  2983 | D:4      | Found a shimmering altar of Xom.
  3297 | D:5      | Lost intelligence.
  3406 | D:5      | Found a snail-covered altar of Cheibriados.
  3445 | D:5      | Found Zazxy's Magic Scroll Boutique.
  3566 | D:5      | Found a runed door.
  3570 | D:5      | Noticed Crazy Yiuf
  3575 | D:5      | Killed Crazy Yiuf
  3575 | D:5      | Reached skill level 5 in Armour
  3786 | D:5      | Noticed Menkaure
  3792 | D:5      | Killed Menkaure
  3792 | D:5      | Reached skill level 7 in Axes
  3792 | D:5      | Reached XP level 8. HP: 62/71 MP: 7/7
  4065 | D:6      | Noticed Blork the orc
  4070 | D:6      | Killed Blork the orc
  4097 | D:6      | Reached **** piety under Trog
  4130 | D:6      | Reached skill level 8 in Axes
  4133 | D:6      | Noticed Edmund
  4148 | D:6      | Killed Edmund
  4149 | D:6      | Noticed Eustachio
  4163 | D:6      | Killed Eustachio
  4310 | D:6      | Found a sand-covered staircase.
  4325 | Ossuary  | Entered an ossuary
  4385 | Ossuary  | Reached skill level 9 in Axes
  4398 | Ossuary  | Reached ***** piety under Trog
  4653 | D:6      | Found a staircase to the Ecumenical Temple.
  4717 | D:6      | Reached skill level 5 in Shields
  4717 | D:6      | Reached XP level 9. HP: 79/79 MP: 8/8
  4858 | Temple   | Entered the Ecumenical Temple
  5329 | D:7      | Reached skill level 1 in Stealth
  5359 | D:7      | Reached skill level 10 in Axes
  5934 | D:7      | Found Tase's Magic Scroll Boutique.
  5962 | D:7      | Found a glowing golden altar of the Shining One.
  6111 | D:7      | Found a radiant altar of Vehumet.
  6112 | D:7      | Found a burning altar of Makhleb.
  6158 | D:7      | Found a sparkling altar of Nemelex Xobeh.
  6172 | D:7      | Gained mutation: You are frail. (-10% HP) [evolution]
  6172 | D:7      | Lost mutation: You evolve. [end of evolution]
  6231 | D:7      | Found a sacrificial altar of Ru.
  6332 | D:8      | Noticed a two-headed ogre
  6346 | D:8      | Killed a two-headed ogre
  6346 | D:8      | Reached skill level 11 in Axes
  6650 | D:8      | Found a bloodstained altar of Trog.
  6666 | D:8      | Reached XP level 10. HP: 79/79 MP: 9/9
  6695 | D:8      | Found a shattered altar of Ashenzari.
  6834 | D:8      | Found a roughly hewn altar of Beogh.
  7155 | D:9      | Found Itim Moe's Armour Shop.
  7179 | D:9      | Found Loc Simp's Assorted Antiques.
  7206 | D:9      | Found a staircase to the Orcish Mines.
  7232 | D:9      | Received a gift from Trog
  7264 | Orc:1    | Entered Level 1 of the Orcish Mines
  7266 | Orc:1    | Noticed a cyclops
  7285 | Orc:1    | Killed a cyclops
  7285 | Orc:1    | Reached skill level 12 in Axes
  7285 | Orc:1    | Reached skill level 5 in Dodging
  7346 | Orc:1    | Found a roughly hewn altar of Beogh.
  7458 | Orc:1    | Found Kimewk's Magic Scroll Boutique.
  7590 | D:9      | Found Ceocergh's Antique Weapon Shoppe.
  7708 | D:9      | Found Usesuog's Book Shop.
  7736 | D:9      | Found Vacogiagh's Assorted Antiques.
  7902 | D:9      | Found a stormy altar of Qazlal.
  8187 | D:10     | Entered Level 10 of the Dungeon
  8305 | D:10     | Reached skill level 13 in Axes
  8338 | D:10     | Found a blossoming altar of Fedhas.
  8558 | D:10     | Noticed a two-headed ogre
  8564 | D:10     | Killed a two-headed ogre
  8564 | D:10     | Reached XP level 11. HP: 63/87 MP: 3/10
  8659 | D:10     | Found a staircase to the Lair.
  8665 | Lair:1   | Entered Level 1 of the Lair of Beasts
  9978 | Lair:2   | Found a staircase to the Snake Pit.
 10040 | Snake:1  | Entered Level 1 of the Snake Pit
 10081 | Snake:1  | Reached skill level 14 in Axes
 10118 | Snake:1  | Noticed an anaconda
 10120 | Snake:1  | Reached skill level 10 in Fighting
 10127 | Snake:1  | Killed an anaconda
 10127 | Snake:1  | Reached ****** piety under Trog
 10340 | Snake:1  | Noticed a shock serpent
 10346 | Snake:1  | HP: 1/89 [shock serpent (11)]
 10355 | Snake:1  | Killed a shock serpent
 10596 | Snake:1  | Reached skill level 10 in Armour
 10640 | Snake:1  | Noticed a mana viper
 10641 | Snake:1  | Noticed a naga ritualist
 10641 | Snake:1  | Noticed an anaconda
 10648 | Snake:1  | Killed a mana viper
 10648 | Snake:1  | Killed an anaconda
 10662 | Snake:1  | Noticed a mana viper
 10668 | Snake:1  | Killed a naga ritualist
 10671 | Snake:1  | Killed a mana viper
 10671 | Snake:1  | Reached skill level 15 in Axes
 10676 | Snake:1  | HP: 1/90 [poisoned by a black mamba]
 10687 | Snake:1  | Reached XP level 12. HP: 29/97 MP: 2/11
 10793 | Snake:1  | Noticed a naga warrior
 10805 | Snake:1  | Killed a naga warrior
 10824 | Snake:1  | Noticed an anaconda
 10833 | Snake:1  | Killed an anaconda
 11542 | Snake:1  | Noticed a naga warrior
 11556 | Snake:1  | Mangled by a salamander

Skill      XL: |  1  2  3  4  5  6  7  8  9 10 11 12 |
---------------+-------------------------------------+-----
Axes           | 4 5 6 7 9 11 13 15 | 15.7
Fighting       | 4 5 6 7 8 9 10 11 | 11.1
Dodging        | 3 4 5 |  5.3
Armour         | 3 4 5 6 7 9 10 11 | 11.3
Shields        | 1 3 5 6 7 |  7.8
Stealth        | 1 2 |  2.0

Action                   |  1- 3 |  4- 6 |  7- 9 | 10-12 || total
-------------------------+-------+-------+-------+-------++-------
Melee: Hand axe          |    90 |   106 |   280 |   101 ||   577
       Headbutt          |    15 |    21 |    55 |    89 ||   180
       Battleaxe         |       |       |       |   289 ||   289
Invok: Berserk           |       |     1 |       |     3 ||     4
       Burn Spellbooks   |       |       |       |     1 ||     1
  Use: Scroll            |       |     5 |    13 |    12 ||    30
       Potion            |       |    11 |     2 |    11 ||    24
 Stab: Invisible         |       |       |       |     2 ||     2
       Distracted        |       |       |       |     1 ||     1
  Eat: Chunk             |     2 |     1 |     3 |       ||     6
       Bread ration      |       |     1 |     2 |       ||     3
       Meat ration       |       |       |     1 |     3 ||     4
       Royal jelly       |       |       |       |     1 ||     1
Armor: Animal skin       |    16 |       |       |       ||    16
       Ring mail         |     3 |     8 |       |       ||    11
       Scale mail        |       |    23 |     5 |       ||    28
       Chain mail        |       |       |    73 |       ||    73
       Plate armour      |       |       |    20 |   249 ||   269
Dodge: Dodged            |    65 |    42 |    73 |   173 ||   353
       Deflected         |       |       |     1 |     7 ||     8
Block: Buckler           |     1 |     1 |       |       ||     2
       Shield            |       |    26 |   114 |    56 ||   196
